 Dungeon Crawl Stone Soup version 0.21.0-3-g78d12a8 (webtiles) character file.

99 inmateoo the Bolt Thrower (level 5, 0/36 HPs)
             Began as a Human Hunter on Jan 9, 2018.
             Succumbed to an adder's poison
             ... on level 2 of the Dungeon.
             The game lasted 00:02:15 (1540 turns).

inmateoo the Bolt Thrower (Human Hunter)            Turns: 1540, Time: 00:02:15

Health: 0/36       AC:  3    Str: 13    XL:     5   Next: 2%
Magic:  5/5        EV: 13    Int: 11    God:
Gold:   134        SH:  0    Dex: 14    Spells: 4/4 levels left

rFire    . . .     SeeInvis .   i - +0 mace (protect)
rCold    . . .     Gourm    .   (no shield)
rNeg     . . .     Faith    .   c - +0 leather armour
rPois    .         Spirit   .   (no helmet)
rElec    .         Reflect  .   (no cloak)
rCorr    .         Harm     .   (no gloves)
MR       .....                  (no boots)
Stlth    +.........             (no amulet)
HPRegen  0.12/turn              (no ring)
MPRegen  0.09/turn              (no ring)

@: lethally poisoned (0 -> -11), very slightly contaminated, invisible
A: claws 1, frail 1, evolution 1
a: no special abilities


You were on level 2 of the Dungeon.
You were very hungry.

You visited 1 branch of the dungeon, and saw 2 of its levels.

You collected 134 gold pieces.

Inventory:

Hand Weapons
 a - a +1 hand crossbow
 b - a +0 short sword
 i - a +0 mace of protection (weapon)
Missiles
 d - 14 bolts
Armour
 c - a +0 leather armour (worn)
Scrolls
 k - 4 scrolls of identify
 m - a scroll of magic mapping
Comestibles
 f - 3 rations


   Skills:
 + Level 2.8 Fighting
 * Level 5.1 Crossbows
 + Level 2.9 Dodging
 - Level 1.0 Stealth


You had 4 spell levels left.
You didn't know any spells.

Dungeon Overview and Level Annotations

Branches:
Dungeon (2/15)

Altars:


Innate Abilities, Weirdness & Mutations

You have sharp fingernails.
You are frail. (-10% HP)
You evolve.


Message History

You have reached level 5!
* * * LOW HITPOINT WARNING * * *
You feel sick.
Sorry, you're not good enough to have a special ability.
Unknown command.
You aren't carrying any potions.
Unknown command.
As you read the scroll labeled USHROG LAALUNK, it crumbles to dust.
It is a scroll of identify.
m - a scroll of magic mapping
* * * LOW HITPOINT WARNING * * *
You feel sick.
As you read the scroll labeled RYNOTE VAMUZUH, it crumbles to dust.
It is a scroll of amnesia.
You feel forgetful for a moment.
* * * LOW HITPOINT WARNING * * *
You feel sick.
As you read the scroll labeled IWEVVEIDIGHA, it crumbles to dust.
You feel blessed for a moment.
It was a scroll of remove curse.
You die...

#####.....>...
### #.....###.#
#.. #.##### #.#
#.# #.# #.# #.#
#.#######.# #.#
#.........# #.#
#####....## #.#
............ #@#
#######....## #.#
#............ #.#
#.########### #.#
#.# #....#.##
#.####.#
#.##.#...
#......#
#.[..#.##
########
#..###...
#########.......#
#..........####.#


There were no monsters in sight!

Vanquished Creatures
  3 gnolls (D:2)
  2 adders (D:2)
  2 worms (D:2)
  4 dart slugs
  4 giant cockroaches
  3 goblins (D:1)
  2 hobgoblins
  7 jackals (D:1)
  5 bats
  2 frilled lizards
  2 kobolds (D:1)
  4 rats
40 creatures vanquished.

Notes
Turn   | Place    | Note
-------+----------+-------------------------------------------
     0 | D:1      | inmateoo the Human Hunter began the quest for the Orb.
     0 | D:1      | Reached XP level 1. HP: 16/16 MP: 1/1
    58 | D:1      | Reached XP level 2. HP: 22/22 MP: 2/2
   231 | D:1      | Reached XP level 3. HP: 25/28 MP: 3/3
   883 | D:2      | Reached XP level 4. HP: 18/34 MP: 4/4
  1349 | D:2      | Reached skill level 5 in Crossbows
  1535 | D:2      | Gained mutation: You are frail. (-10% HP) [potion of mutation]
  1535 | D:2      | Gained mutation: You have sharp fingernails. [potion of mutation]
  1535 | D:2      | Gained mutation: You evolve. [potion of mutation]
  1537 | D:2      | Reached XP level 5. HP: 4/36 MP: 5/5
  1539 | D:2      | HP: 1/36 [poisoned by an adder]
  1540 | D:2      | Succumbed to an adder's poison

Skill      XL: |  1  2  3  4 |
---------------+-------------+-----
Crossbows      | 5 |  5.1
Fighting       | |  2.8
Dodging        | |  2.9
Stealth        | |  1.0

Action                   |  1- 3 |  4- 6 || total
-------------------------+-------+-------++-------
Melee: Mace              |    46 |    48 ||    94
 Fire: Hand crossbow     |    39 |     5 ||    44
  Use: Potion            |       |     3 ||     3
       Scroll            |       |     3 ||     3
 Stab: Sleeping          |     1 |     1 ||     2
  Eat: Chunk             |       |     1 ||     1
Armor: Leather armour    |    27 |    15 ||    42
Dodge: Dodged            |    50 |    39 ||    89
